cohdb
Replays
Latest Replays
All Replays
Popular Replays
Top Player Replays
Match Explorer
How It Works
Community
CoH3 Stats
Reddit
Sign in to upload your games and track your stats! →
Sign in with Steam
Match 45106443
Unlisted
Match 45106443
Overview
Messages
Build Orders
End
Kradschützen Motorcycle Team
Panzergrenadier Squad
Panzergrenadier Squad
Construct Light Support Kompanie
Assault Grenadier Squad
Fire Support Elements
Panzerjäger Squad
Flakvierling Half-track
Vehicle Survival Package
Pak 38 Mechanized Group
Combat Half-tracks
Selects Battlefield Espionage Battlegroup
Selects Intel Disruption Beacon
Construct Panzerarmee Kommand
Walking Stuka Rocket Launcher
Pak 38 Anti-tank Gun Team
2.5-tonne Medical Truck
Pak 38 Mechanized Group
Panzer III L Medium Tank
Panzer III L Medium Tank
Unbekannt
J.
FREAK THE DUDE
ZuDenWaffen
Kanade
3p1PhanY
MuspellheimR
Gandhi
0
0
Comments
sign in to comment!
No comments posted yet!